 Dungeon Crawl Stone Soup version 0.28.0-43-g3370ac3207 (webtiles) character file.

Game seed: 6214470387856128977

75186 Acheron the Grappler (level 14, -7/118 (130) HPs)
             Began as a Troll Earth Elementalist on Mar 15, 2022.
             Was the Champion of Jiyva.
             Mangled by a soul eater (14 damage)
             ... summoned by an orc sorcerer
             ... led by an orc knight
             ... on level 2 of the Orcish Mines.
             The game lasted 01:35:41 (15769 turns).

Acheron the Grappler (Troll Earth Elementalist)    Turns: 15769, Time: 01:35:42

HP:   -7/118 (130)  AC:  8    Str: 21    XL:     14   Next: 63%
MP:   23/23         EV: 14    Int: 17    God:    Jiyva [******]
Gold: 1533          SH:  4    Dex: 16    Spells: 7/19 levels left

rFire   . . .      SeeInvis .     - Unarmed
rCold   . . .      Faith    .   (no shield)
rNeg    + . .      Spirit   .   z - +2 robe "Qanicsia" {rPois Dex+4}
rPois   +          Reflect  .   (helmet restricted)
rElec   .          Harm     .   a - +0 cloak {rCorr}
rCorr   +          Rampage  .   (gloves unavailable)
Will    +....                   (boots unavailable)
Stlth   ++++......              l - amulet of magic regeneration
HPRegen 2.69/turn               m - ring of wizardry
MPRegen 1.08/turn               A - ring of positive energy

@: about to teleport, studying Dodging, drained
A: large, unfitting armour, claws 3, regeneration 1, shaggy fur 1, tough skin 1,
large bone plates 1, clever 2, high MP 3, strong 1, wild magic 2, gelatinous
body 1, translucent skin 1
}: 1/15 runes: slimy
a: Renounce Religion, Oozemancy, Slimify


You were on level 2 of the Orcish Mines.
You worshipped Jiyva.
Jiyva was exalted by your worship.
You visited 5 branches of the dungeon, and saw 25 of its levels.
You also visited: Volcano.

You collected 1533 gold pieces.

Inventory:

Hand Weapons
 k - a +3 halberd of flaming
 C - a +2 vampiric halberd
 J - a +2 scimitar of flaming
 N - a +3 war axe of freezing
 S - the +2 trident of the Coward {venom, rC+ rN+ Str+3}
   (You found it on level 5 of the Pits of Slime)

   It poisons the flesh of those it strikes.
   Str:       It affects your strength (+3).
   rC:        It protects you from cold.
   rN:        It protects you from negative energy.
 T - the +8 rapier of Sagy {freeze, rF++ Str-3 Dex+5}
   (You found it on level 5 of the Pits of Slime)

   It freezes those it strikes, dealing additional cold damage.
   It can also slow down cold-blooded creatures.
   Str:       It affects your strength (-3).
   Dex:       It affects your dexterity (+5).
   rF:        It greatly protects you from fire.
Missiles
 c - 213 stones
 h - 18 boomerangs (quivered)
 q - 5 poisoned darts
 u - 5 large rocks
 D - 5 javelins
Armour
 a - a +0 cloak of preservation (worn)
 e - the +1 robe of the Crypt {Drain Will+ Str+6}
   (You found it on level 2 of the Dungeon)

   Str:       It affects your strength (+6).
   Drain:     It drains your maximum health when unequipped.
   Will:      It increases your willpower.
 t - +0 steam dragon scales
 z - the +2 robe "Qanicsia" (worn) {rPois Dex+4}
   (You found it on level 1 of the Lair of Beasts)

   Dex:       It affects your dexterity (+4).
   rPois:     It protects you from poison.
 F - a +0 kite shield
 P - a +2 robe of willpower
 U - the +2 robe of Perfidy {Harm rN++ Int+4}
   (You found it on level 5 of the Pits of Slime)

   Int:       It affects your intelligence (+4).
   rN:        It greatly protects you from negative energy.
   Harm:      It increases damage dealt and taken.
Magical Staves
 s - a staff of earth
Jewellery
 l - an amulet of magic regeneration (around neck)
 m - a ring of wizardry (left claw)
 v - a ring of ice
 A - a ring of positive energy (right claw)
 G - a ring of flight
Wands
 b - a wand of charming (16)
 i - a wand of mindburst (7)
 j - a wand of acid (13)
 o - a wand of digging (5)
 y - a wand of flame (10)
 H - a wand of polymorph (2)
 Q - a wand of iceblast (14)
Scrolls
 n - a scroll of identify
 r - 6 scrolls of fog
 w - a scroll of enchant armour
Potions
 f - 2 potions of heal wounds
 g - a potion of curing
 p - a potion of magic
 I - a potion of berserk rage
 K - a potion of resistance
 L - a potion of mutation
 M - 3 potions of haste
Miscellaneous
 x - a box of beasts
 E - a phantom mirror
 R - a piece from Xom's chessboard (15/15)


   Skills:
 * Level 6.2 Fighting
 * Level 6.3 Polearms
 * Level 6.5 Throwing
 * Level 7.9 Dodging
 * Level 4.6 Stealth
 + Level 1.4 Shields
 * Level 13.5 Unarmed Combat
 + Level 3.3 Spellcasting
 + Level 4.1 Conjurations
 * Level 3.5 Translocations
 + Level 5.0 Transmutations
 * Level 7.0 Earth Magic
 * Level 4.9 Evocations


You had 7 spell levels left.
You knew the following spells:

 Your Spells              Type           Power      Damage    Failure   Level
a - Sandblast             Erth           84%        2d18      1%          1
b - Passwall              Tmut/Erth      30%        N/A       2%          2
c - Stone Arrow           Conj/Erth      68%        3d11      4%          3
d - Beastly Appendage     Tmut           64%        N/A       2%          1
e - Wereblood             Tmut           32%        N/A       3%          2
f - Teleport Other        Tloc           24%        N/A       10%         3

Your spell library contained the following spells:

 Spells                   Type           Power      Damage    Failure   Level
 Magic Dart               Conj           100%       1d8       3%          1
 Shock                    Conj/Air       60%        1d6       6%          1
 Gell's Gravitas          Tloc           24%        N/A       10%         3
 Petrify                  Tmut/Erth      37%        N/A       12%         4
 Spider Form              Tmut/Pois      18%        N/A       14%         3
 Dazzling Flash           Conj/Hex       30%        N/A       16%         3
 Call Imp                 Summ           4%         N/A       19%         2
 Ensorcelled Hibernation  Hex/Ice        8%         N/A       19%         2
 Lee's Rapid Deconstruct  Erth           21%        3d13*     19%         5
 Mephitic Cloud           Conj/Pois/Air  12%        N/A       21%         3
 Iskenderun's Mystic Bla  Conj/Tloc      25%        2d7       24%         4
 Confusing Touch          Hex            4%         N/A       32%         3
 Inner Flame              Hex/Fire       4%         N/A       32%         3
 Swiftness                Air            4%         N/A       32%         3
 Fulminant Prism          Conj/Hex       7%         3d7       38%         4
 Airstrike                Air            2%         N/A       65%         4
 Summon Lightning Spire   Summ/Air       4%         N/A       65%         4
 Yara's Violent Unravell  Hex/Tmut       9%         3d6       65%         5
 Dispersal                Tloc           12%        N/A       96%         6
 Enfeeble                 Hex            2%         N/A       100%        7
 Storm Form               Tmut/Air       9%         N/A       100%        7
 Discord                  Hex            2%         N/A       100%        8
 Maxwell's Capacitive Co  Air            2%         ∞         100%        8


Dungeon Overview and Level Annotations

Branches:
Dungeon (11/15)            Temple (1/1) D:7            Lair (6/6) D:9
  Swamp (0/4) Lair:3       Spider (0/4) Lair:2        Slime (5/5) Lair:6
    Orc (2/2) D:11            Elf (0/3) Orc:2       Volcano (visited)

Altars:
Makhleb
Vehumet
Wu Jian
Yredelemnul
Beogh
Jiyva

Annotations:
D:3 exclusion: downstairs
D:8 1 runed translucent door, DasRunzen's ghost, novice DjFE
Slime:5 Royal Jelly


Innate Abilities, Weirdness & Mutations

You are too large for most types of armour.
You have claws for hands.
Your natural rate of healing is unusually fast.
You are covered in fur. (AC +1)
You have tough skin. (AC +1)
You are partially covered in large bone plates. (SH +4)
Your mind is very acute. (Int +4)
You have a greatly increased reservoir of magic. (+30% MP)
Your muscles are strong. (Str +2)
Your spells are harder to cast, but more powerful.
Your rubbery body absorbs attacks. (AC +1, EV +1)
Your translucent skin slightly reduces your foes' accuracy. (Stealth+)


Message History

You closely miss the orc sorcerer.
The orc sorcerer is heavily wounded.
The warg misses you. You block the orc sorcerer's attack.
You block the soul eater's attack.
The orc warrior hits you with a +0 war axe.
The orc closely misses you.
Unknown command.
You barely miss the orc sorcerer.
The orc sorcerer is heavily wounded.
The warg barely misses you. The orc barely misses you.
You scratch the orc sorcerer but do no damage.
The orc sorcerer is heavily wounded.
The orc hits you with a +0 hand axe. The orc sorcerer barely misses you.
The orc warrior hits you but does no damage.
The orc hits you but does no damage. The warg bites you but does no damage.
The soul eater hits you!!
* * * LOW HITPOINT WARNING * * *
You partially resist.
You feel drained.
* * * LOW HITPOINT WARNING * * *
You scratch the orc sorcerer. Your claw misses the orc sorcerer.
The orc sorcerer is heavily wounded.
The orc barely misses you. x2; The warg misses you.
The orc sorcerer hits you with a +0 dagger.
* * * LOW HITPOINT WARNING * * *
The soul eater draws from the surrounding life force!
* * * LOW HITPOINT WARNING * * *
The orc completely misses you. The orc warrior completely misses you.
As you read the scroll of teleportation, it crumbles to dust.
You feel strangely unstable.
An orc priest comes into view. It is wielding a +0 club.
The warg bites you!
* * * LOW HITPOINT WARNING * * *
You block the orc's attack. x2
The orc sorcerer points at you and mumbles some strange words.
The bolt of negative energy misses you.
The bolt of negative energy hits the orc!!
The orc is drained!
The orc dies!
The orc warrior closely misses you. The soul eater hits you!
You die...

#........##.#.....#
##......#####.....#
#......###...#...##
##..).).)#.......##
#.....)))##.......##
##.##.)............#
###.†........#.#......
##....o).............#.
#....oo@h..............
##...ooo3o.............
........h...............
.......................o
##..###.###.#######..###
#.. #.# .# #. #. .# o.
.. .. #


You could see a soul eater (summoned), 2 wargs, an orc sorcerer, an orc warrior,
3 orc priests and 3 orcs.

Vanquished Creatures
  A yaktaur captain (D:9)
  A rakshasa (D:9)
  13 hydras
  Erolcha (Orc:1)
  A catoblepas (Lair:6)
  4 centaur warriors (D:9)
  2 tengu warriors (D:9)
  A death knight (D:9)
  A two-headed ogre (D:9)
  10 death yaks
  2 orc high priests (Orc:2)
  An orb spider (Lair:2)
  A lindwurm (Lair:6)
  2 deep elf pyromancers
  A deep elf zephyrmancer (D:10)
  An ugly thing (D:9)
  A cyclops (D:9)
  2 manticores (Lair:6)
  An orc sorcerer (Orc:2)
  8 elephants
  A centaur zombie (D:10)
  7 black mambas
  A gargoyle (Volcano)
  14 cane toads
  6 komodo dragons
  An unseen horror (D:8)
  Maggie (D:10)
  3 rime drakes
  4 trolls
  A meliai (D:9)
  Grinder (D:4)
  3 polar bears
  A hornet (shapeshifter) (D:9)
  39 blink frogs
  3 dream sheep
  A centaur simulacrum (D:10)
  A spriggan (shapeshifter) (D:9)
  4 wyverns
  7 wraiths
  2 shadows
  8 yaks
  A vampire mosquito (D:9)
  2 fire elementals (Volcano)
  A steam dragon (D:9)
  5 wargs
  10 water moccasins
  2 swamp drakes
  A sky beast (D:5)
  15 orc warriors
  2 black bears
  2 hornet zombies
  10 wolves
  7 ice beasts
  6 ogres
  5 centaurs
  A phantom (D:6)
  Blork the orc (D:4)
  3 bullfrogs
  9 killer bees
  7 howler monkeys
  An electric eel (D:10)
  A bullfrog zombie (D:6)
  2 crimson imps
  A bullfrog skeleton (D:5)
  14 orc priests
  2 hounds
  5 iguanas
  Ijyb (D:4)
  16 orc wizards
  5 adders
  A shadow imp (D:10)
  4 white imps
  An ufetubus (D:10)
  A dart slug (D:2)
  46 orcs
  4 ball pythons (D:1)
  5 endoplasms
  2 giant cockroaches (D:1)
  3 hobgoblins
  15 jackals
  6 kobolds
  5 quokkas
  5 bats (D:1)
  A frilled lizard (D:1)
  4 goblins
  8 rats
413 creatures vanquished.

Vanquished Creatures (collateral kills)
  A tengu warrior (D:9)
  A black mamba (Lair:4)
  A cane toad (Lair:4)
  An efreet (Volcano)
  2 komodo dragons
  A polar bear (Lair:4)
  5 dream sheep (Lair:4)
  A basilisk (Lair:5)
13 creatures vanquished.

Vanquished Creatures (others)
  Josephine (D:11)
  A hydra (D:8)
  A cyclops (D:9)
  A cane toad (Lair:4)
  A polar bear (D:10)
  A dream sheep (Lair:6)
  A centaur simulacrum (D:10)
  Sigmund (D:5)
  A yak (D:10)
  A steam dragon (D:8)
  5 centaurs (D:11)
  A wolf (D:10)
  A kobold brigand (D:9)
  5 bullfrogs
  2 howler monkeys
  132 jellies
  An iron imp (D:10)
  A bullfrog skeleton (D:5)
  An orc priest (D:10)
  2 iguanas (D:5)
  9 orc wizards
  5 white imps
  An ufetubus (D:10)
  An adder skeleton (D:4)
  2 dart slugs
  25 orcs
  A ball python (D:3)
  2 goblins (D:4)
  A jackal (D:4)
  2 kobolds (D:9)
  2 quokkas
  97 fungi
  83 plants
392 creatures vanquished.

Grand Total: 818 creatures vanquished

Notes
Turn   | Place    | Note
-------+----------+-------------------------------------------
     0 | D:1      | Acheron the Troll Earth Elementalist began the quest for
                  | the Orb.
     0 | D:1      | Reached XP level 1. HP: 16/16 MP: 1/1
   175 | D:1      | Reached XP level 2. HP: 24/24 MP: 3/3
   278 | D:1      | Reached skill level 1 in Throwing
   415 | D:1      | Reached XP level 3. HP: 32/32 MP: 2/4
   795 | D:1      | Reached skill level 1 in Unarmed Combat
  1186 | D:2      | Reached XP level 4. HP: 40/40 MP: 2/5
  1229 | D:2      | Identified the +1 robe of the Crypt {Drain Will+ Str+6}
  1448 | D:2      | Learned a level 2 spell: Passwall
  1797 | D:2      | Found a faded altar of an unknown god.
  1802 | D:2      | Prayed at the altar of an unknown god.
  1802 | D:2      | Became a worshipper of Jiyva Jekhebui the Shapeless
  1802 | D:2      | Reached * piety under Jiyva
  2091 | D:3      | Reached skill level 1 in Fighting
  2091 | D:3      | Reached skill level 2 in Unarmed Combat
  2091 | D:3      | Reached XP level 5. HP: 42/48 MP: 6/6
  2247 | D:3      | Reached ** piety under Jiyva
  2251 | D:4      | Noticed Blork the orc
  2532 | D:4      | Found a radiant altar of Vehumet.
  2533 | D:4      | Found a burning altar of Makhleb.
  2566 | D:4      | Reached skill level 1 in Transmutations
  2584 | D:5      | Entered Level 5 of the Dungeon
  2635 | D:4      | Noticed Grinder
  2664 | D:5      | Noticed an ice beast
  2668 | D:5      | Noticed a black bear
  2702 | D:6      | Noticed a black bear
  2800 | D:5      | Reached XP level 6. HP: 52/55 MP: 7/7
  2823 | D:5      | Reached *** piety under Jiyva
  2873 | D:5      | Noticed Sigmund
  2902 | D:5      | Gained mutation: You are partially covered in iridescent
                  | scales. (AC +2) [Jiyva's grace]
  2902 | D:5      | Gained mutation: You are mostly covered in iridescent
                  | scales. (AC +4) [Jiyva's grace]
  2902 | D:5      | Gained mutation: You are completely covered in iridescent
                  | scales. (AC +6) [Jiyva's grace]
  2902 | D:5      | Gained mutation: Armour fits poorly on your pseudopods.
                  | [Jiyva's grace]
  2921 | D:5      | Killed Sigmund
  2978 | D:5      | Reached skill level 3 in Unarmed Combat
  3064 | D:5      | Learned a level 3 spell: Stone Arrow
  3131 | D:4      | Killed Grinder
  3132 | D:4      | Reached XP level 7. HP: 53/62 MP: 7/9
  3242 | D:6      | Reached skill level 4 in Unarmed Combat
  3328 | D:4      | Reached **** piety under Jiyva
  3357 | D:4      | Noticed Ijyb
  3376 | D:4      | Killed Ijyb
  3544 | D:4      | Killed Blork the orc
  3739 | D:4      | Reached skill level 5 in Unarmed Combat
  3959 | D:6      | Reached XP level 8. HP: 72/72 MP: 10/10
  4124 | D:6      | Reached ***** piety under Jiyva
  4163 | D:6      | Learned a level 1 spell: Beastly Appendage
  4166 | D:6      | Learned a level 2 spell: Wereblood
  4698 | D:9      | Lost mutation: You are completely covered in iridescent
                  | scales. (AC +6) [Jiyva's grace]
  4698 | D:9      | Lost mutation: You are mostly covered in iridescent scales.
                  | (AC +4) [Jiyva's grace]
  4698 | D:9      | Gained mutation: A frigid envelope surrounds you and
                  | freezes all who hurt you. [Jiyva's grace]
  4698 | D:9      | Gained mutation: Your rubbery body absorbs attacks. (AC +1,
                  | EV +1) [Jiyva's grace]
  4698 | D:9      | Gained mutation: Your pliable body absorbs attacks. (AC +2,
                  | EV +2) [Jiyva's grace]
  4698 | D:9      | Gained mutation: Your gelatinous body deflects attacks. (AC
                  | +3, EV +3) [Jiyva's grace]
  4769 | D:9      | Reached skill level 6 in Unarmed Combat
  4839 | D:7      | Reached skill level 1 in Evocations
  4865 | D:7      | Reached skill level 1 in Conjurations
  4988 | D:6      | Noticed a troll
  5081 | D:7      | Found an ornate altar of the Wu Jian Council.
  5127 | D:7      | Found a staircase to the Ecumenical Temple.
  5140 | Temple   | Entered the Ecumenical Temple
  5409 | D:10     | Entered Level 10 of the Dungeon
  5521 | D:8      | Noticed DasRunzen's ghost (novice DjFE)
  5522 | D:8      | Noticed a five-headed hydra
  5527 | D:8      | Found a runed translucent door.
  5535 | D:8      | Reached XP level 9. HP: 80/80 MP: 11/11
  5588 | D:8      | Killed a five-headed hydra
  5708 | D:8      | Killed an unseen horror
  6032 | D:9      | Found a staircase to the Lair.
  6128 | D:9      | Noticed a troll
  6144 | D:9      | Reached skill level 7 in Unarmed Combat
  6172 | D:9      | Noticed a cyclops
  6174 | D:9      | Noticed a brown ugly thing
  6185 | D:9      | Noticed a tengu warrior
  6190 | D:9      | Killed a tengu warrior
  6196 | D:9      | Killed a cyclops
  6207 | D:9      | Killed a brown ugly thing
  6208 | D:9      | Reached skill level 8 in Unarmed Combat
  6208 | D:9      | Reached XP level 10. HP: 46/91 MP: 13/13
  6208 | D:9      | Noticed a centaur warrior
  6219 | D:9      | Killed a centaur warrior
  6220 | D:9      | Reached skill level 5 in Earth Magic
  6227 | D:9      | Noticed a centaur warrior
  6229 | D:9      | Noticed a death knight
  6229 | D:9      | Noticed a two-headed ogre
  6232 | D:9      | Killed a centaur warrior
  6490 | D:10     | Reached skill level 9 in Unarmed Combat
  6499 | D:10     | Reached ****** piety under Jiyva
  6549 | D:10     | Noticed Maggie
  6554 | D:10     | Killed Maggie
  6581 | D:10     | Lost mutation: Your gelatinous body deflects attacks. (AC
                  | +3, EV +3) [Jiyva's grace]
  6581 | D:10     | Lost mutation: Armour fits poorly on your pseudopods.
                  | [Jiyva's grace]
  6581 | D:10     | Gained mutation: Your muscles are strong. (Str +2) [Jiyva's
                  | grace]
  6581 | D:10     | Gained mutation: Your muscles are very strong. (Str +4)
                  | [Jiyva's grace]
  6581 | D:10     | Gained mutation: You have a pair of small horns on your
                  | head. [Jiyva's grace]
  6581 | D:10     | Gained mutation: You have a pair of horns on your head.
                  | [Jiyva's grace]
  6605 | Lair:1   | Entered Level 1 of the Lair of Beasts
  6634 | Lair:1   | Identified the +2 robe "Qanicsia" {rPois Dex+4}
  6684 | Lair:1   | Noticed an eight-headed hydra
  6734 | Lair:1   | Killed an eight-headed hydra
  6735 | Lair:1   | Reached XP level 11. HP: 77/92 MP: 14/14
  6762 | Lair:1   | Learned a level 3 spell: Teleport Other
  7239 | Lair:1   | Reached skill level 10 in Unarmed Combat
  7242 | Lair:2   | Noticed a four-headed hydra
  7271 | Lair:2   | Killed a three-headed hydra
  7272 | Lair:2   | Reached skill level 5 in Dodging
  7299 | Lair:2   | Found a hole to the Spider Nest.
  7299 | Lair:2   | Noticed an orb spider
  7358 | Lair:2   | Noticed an eight-headed hydra
  7372 | Lair:3   | Found a basalt altar of Yredelemnul.
  7376 | Lair:3   | Found a staircase to the Swamp.
  7398 | Lair:2   | Reached skill level 1 in Polearms
  7433 | Lair:3   | Noticed an eight-headed hydra
  7451 | Lair:3   | Noticed a four-headed hydra
  7586 | Lair:3   | Noticed a seven-headed hydra
  7596 | Lair:3   | Killed a five-headed hydra
  7597 | Lair:3   | Reached skill level 1 in Translocations
  7645 | Lair:3   | Noticed a four-headed hydra
  7675 | Lair:3   | Killed a three-headed hydra
  7679 | Lair:3   | Killed a seven-headed hydra
  7740 | Lair:3   | Reached skill level 5 in Throwing
  7788 | Lair:3   | Killed a one-headed hydra
  7797 | Lair:3   | Noticed a six-headed hydra
  7825 | Lair:3   | Killed a two-headed hydra
  7826 | Lair:3   | Reached XP level 12. HP: 73/107 MP: 15/15
  7981 | Lair:2   | Noticed a seven-headed hydra
  7992 | Lair:2   | Killed a six-headed hydra
  8056 | Lair:2   | Noticed a six-headed hydra
  8062 | Lair:2   | Killed a five-headed hydra
  8063 | Lair:2   | Reached skill level 11 in Unarmed Combat
  8107 | Lair:2   | Killed an eight-headed hydra
  8550 | Lair:4   | Lost mutation: You are partially covered in iridescent
                  | scales. (AC +2) [Jiyva's grace]
  8550 | Lair:4   | Gained mutation: Your mind is acute. (Int +2) [Jiyva's
                  | grace]
  8550 | Lair:4   | Gained mutation: Your mind is very acute. (Int +4) [Jiyva's
                  | grace]
  8550 | Lair:4   | Gained mutation: You expend magic power (3 MP) to
                  | strengthen your wands. [Jiyva's grace]
  8550 | Lair:4   | Gained mutation: You have a small jelly attached to you
                  | that senses nearby items. [Jiyva's grace]
  8696 | Lair:4   | Reached skill level 5 in Fighting
  9176 | Lair:4   | Reached skill level 5 in Polearms
  9418 | Lair:5   | Identified the +4 chain mail "Cetiudu" {rN+ Will+}
  9531 | Lair:5   | Found a dark tunnel.
  9643 | Volcano  | Entered a volcano
  9866 | Lair:5   | Noticed a death yak
  9867 | Lair:5   | Noticed a death yak
  9892 | Lair:5   | Lost mutation: You have a pair of horns on your head.
                  | [Jiyva's grace]
  9892 | Lair:5   | Lost mutation: Your mind is very acute. (Int +4) [Jiyva's
                  | grace]
  9892 | Lair:5   | Lost mutation: A frigid envelope surrounds you and freezes
                  | all who hurt you. [Jiyva's grace]
  9892 | Lair:5   | Lost mutation: Your muscles are very strong. (Str +4)
                  | [Jiyva's grace]
  9892 | Lair:5   | Gained mutation: Your spells are a little harder to cast,
                  | but a little more powerful. [Jiyva's grace]
  9892 | Lair:5   | Gained mutation: Your spells are harder to cast, but more
                  | powerful. [Jiyva's grace]
  9892 | Lair:5   | Gained mutation: Your spells are much harder to cast, but
                  | much more powerful. [Jiyva's grace]
  9892 | Lair:5   | Gained mutation: Your translucent skin slightly reduces
                  | your foes' accuracy. (Stealth+) [Jiyva's grace]
  9943 | Lair:5   | Reached XP level 13. HP: 73/118 MP: 17/17
 10382 | Lair:6   | Entered Level 6 of the Lair of Beasts
 10610 | Lair:6   | Found a staircase to the Slime Pits.
 10611 | Lair:6   | Found a viscous altar of Jiyva.
 10672 | Lair:6   | Reached skill level 5 in Transmutations
 10900 | Lair:6   | Reached skill level 12 in Unarmed Combat
 11944 | Slime:1  | Entered Level 1 of the Pits of Slime
 11970 | Slime:3  | Noticed a quicksilver ooze
 11977 | Slime:5  | Entered Level 5 of the Pits of Slime
 12013 | Slime:5  | Noticed an azure jelly
 12013 | Slime:5  | Noticed an acid blob
 12014 | Slime:5  | Found a viscous altar of Jiyva.
 12014 | Slime:5  | Noticed a quicksilver ooze
 12015 | Slime:5  | Noticed an acid blob
 12016 | Slime:5  | Noticed an azure jelly
 12018 | Slime:5  | Identified the +2 trident of the Coward {venom, rC+ rN+
                  | Str+3}
 12021 | Slime:5  | Identified the +8 rapier of Sagy {freeze, rF++ Str-3 Dex+5}
 12023 | Slime:5  | Noticed a rockslime
 12026 | Slime:5  | Noticed an acid blob
 12033 | Slime:5  | Got the Disquisition on Beguiling
 12037 | Slime:5  | Noticed an acid blob
 12043 | Slime:5  | Got a slimy rune of Zot
 12044 | Slime:5  | Identified the +2 robe of Perfidy {Harm rN++ Int+4}
 12057 | Slime:5  | Noticed a rockslime
 12102 | Slime:5  | Noticed a rockslime
 12117 | Slime:5  | Noticed an acid blob
 12125 | Slime:5  | Noticed the Royal Jelly
 12149 | Slime:4  | Noticed an acid blob
 12180 | Slime:3  | Noticed a rockslime
 12225 | Lair:5   | Lost mutation: You have a pair of small horns on your head.
                  | [Jiyva's grace]
 12225 | Lair:5   | Lost mutation: You have a small jelly attached to you that
                  | senses nearby items. [Jiyva's grace]
 12225 | Lair:5   | Lost mutation: You expend magic power (3 MP) to strengthen
                  | your wands. [Jiyva's grace]
 12225 | Lair:5   | Gained mutation: You are covered in slimy tendrils that may
                  | disarm your opponents. [Jiyva's grace]
 12225 | Lair:5   | Gained mutation: You are partially covered in large bone
                  | plates. (SH +4) [Jiyva's grace]
 12225 | Lair:5   | Gained mutation: You are mostly covered in large bone
                  | plates. (SH +6) [Jiyva's grace]
 12225 | Lair:5   | Gained mutation: You are completely covered in large bone
                  | plates. (SH +8) [Jiyva's grace]
 12447 | Lair:5   | Reached XP level 14. HP: 99/128 MP: 18/18
 13123 | D:9      | Identified the +1 helmet of Servitude {rElec rPois Dex+4
                  | SInv}
 13426 | D:9      | Reached skill level 13 in Unarmed Combat
 13808 | D:10     | You fall into a shaft and drop 1 floor!
 13820 | D:11     | Noticed Josephine
 14315 | D:11     | Killed Josephine
 14755 | D:11     | Reached skill level 1 in Shields
 14775 | D:11     | Found a staircase to the Orcish Mines.
 14817 | Orc:1    | Entered Level 1 of the Orcish Mines
 14902 | Orc:1    | Noticed Erolcha
 14915 | Orc:1    | Killed Erolcha
 15343 | Orc:2    | Entered Level 2 of the Orcish Mines
 15343 | Orc:2    | Lost mutation: You are completely covered in large bone
                  | plates. (SH +8) [Jiyva's grace]
 15343 | Orc:2    | Lost mutation: You are mostly covered in large bone plates.
                  | (SH +6) [Jiyva's grace]
 15343 | Orc:2    | Lost mutation: Your spells are much harder to cast, but
                  | much more powerful. [Jiyva's grace]
 15343 | Orc:2    | Lost mutation: Your pliable body absorbs attacks. (AC +2,
                  | EV +2) [Jiyva's grace]
 15343 | Orc:2    | Lost mutation: You are covered in slimy tendrils that may
                  | disarm your opponents. [Jiyva's grace]
 15343 | Orc:2    | Gained mutation: You have an increased reservoir of magic.
                  | (+10% MP) [Jiyva's grace]
 15343 | Orc:2    | Gained mutation: You have a considerably increased
                  | reservoir of magic. (+20% MP) [Jiyva's grace]
 15343 | Orc:2    | Gained mutation: You have a greatly increased reservoir of
                  | magic. (+30% MP) [Jiyva's grace]
 15343 | Orc:2    | Gained mutation: Your mind is very acute. (Int +4) [Jiyva's
                  | grace]
 15507 | Orc:2    | Found a staircase to the Elven Halls.
 15752 | Orc:2    | Paralysed by an orc sorcerer for 7 turns
 15769 | Orc:2    | Mangled by a soul eater

Illustrated notes

Levels and vault maps discovered:
D:1:      shiori_arrival_elements, layout_loops_ring
D:2:      layout_loops_ring, hellmonk_ecumenical_altar_inner_sanctum,
          grunt_ministairs_13, minmay_split_cup_small
D:3:      layout_loops_ring, hex_medium
D:4:      cheibrodos_helix_gallery, layout_loops_ring,
          grunt_temple_overflow_lords_of_destruction, uniq_ijyb,
          uniq_blork_the_orc, uniq_grinder
D:5:      layout_loops_corners, uniq_sigmund
D:6:      layout_basic, hangedman_decor_push, st_stairs_14
D:7:      layout_basic, old_standard_altar, minmay_temple_entry_tees
D:8:      layout_loops_corners, hellmonk_ghost_big_iron
D:9:      hangedman_cross_veins, layout_rooms, lair_entry_dummy,
          dk_noncrumbling_4, minmay_evil_grid
D:10:     layout_roguey, serial_ice, serial_ice_n, serial_ice_g, serial_ice_i,
          serial_ice_f, chequers_serial_rivers_room_a, columned_hall_lemuel,
          hangedman_minor_magic, uniq_maggie
D:11:     layout_roguey, erik_orc_1, uniq_josephine
Temple:   mainiacjoe_temple_bowtie_tessellation
Lair:1:   layout_cave_pods, lemuel_fruit_fields, grunt_megastairs_3
Lair:2:   layout_roguey, nicolae_spider_entry_orb_guardian,
          minmay_stone_trees_small
Lair:3:   layout_hall_layers, minmay_swamp_entry_reptiles, basic_altar
Lair:4:   layout_gridlike, st_stairs_5, chequers_serial_rivers_micro_b
Lair:5:   layout_cave_pods, nicolae_volcano_entry_two_sided,
          bobbens_ice_dragon_lair
Lair:6:   hangedman_lair_in_review, layout_gridlike, slime_altar_1
Slime:1:  layout_caves, basic_altar
Slime:2:  nicolae_slime_pool, layout_caves
Slime:3:  layout_caves, basic_altar, cheibrodos_slime_lost_civilization_4
Slime:4:  cheibrodos_slime_lost_civilization_2, layout_caves
Slime:5
Orc:1:    layout_diamond_mine, mines1_david, uniq_erolcha
Orc:2:    st_orc_town, layout_caves, uniq_urug

Skill      XL: |  1  2  3  4  5  6  7  8  9 10 11 12 13 14 |
---------------+-------------------------------------------+-----
Earth Magic    | 3 4 5 6 7 |  7.0
Throwing       | 1 2 3 4 5 6 |  6.5
Unarmed Combat | 1 2 3 5 6 8 9 10 11 12 13 | 13.5
Fighting       | 1 2 3 4 5 6 |  6.2
Transmutations | 1 2 3 4 5 |  5.0
Dodging        | 2 3 4 5 6 7 |  7.9
Spellcasting   | 2 3 |  3.3
Stealth        | 2 3 4 |  4.6
Evocations     | 1 2 3 4 |  4.9
Conjurations   | 1 2 3 4 |  4.1
Polearms       | 2 5 6 |  6.3
Translocations | 1 2 3 |  3.5
Shields        | 1 |  1.4

Action                   |  1- 3 |  4- 6 |  7- 9 | 10-12 | 13-15 || total
-------------------------+-------+-------+-------+-------+-------++-------
Melee: Unarmed           |   110 |    83 |   183 |   155 |   803 ||  1334
       Punch             |     1 |     1 |     8 |    11 |    80 ||   101
       Pseudopods        |       |     2 |    31 |    13 |       ||    46
       Halberd           |       |       |       |   146 |    23 ||   169
       Headbutt          |       |       |       |    56 |    75 ||   131
Throw: Boomerang         |       |       |     1 |     1 |       ||     2
 Cast: Sandblast         |    18 |     8 |     2 |     3 |       ||    31
       Stone Arrow       |       |       |       |    10 |     7 ||    17
Evoke: Wand              |       |       |       |     7 |     7 ||    14
  Use: Scroll            |     3 |     5 |     2 |    10 |     6 ||    26
       Potion            |       |       |       |     1 |     3 ||     4
 Stab: Sleeping          |     1 |     1 |     1 |     1 |    12 ||    16
       Distracted        |       |       |     1 |       |     1 ||     2
       Petrifying        |       |       |       |       |     1 ||     1
Armor: Robe              |    35 |    24 |    81 |   135 |   207 ||   482
Dodge: Dodged            |    60 |    28 |    86 |   241 |   582 ||   997
Block: Other             |       |       |       |       |   154 ||   154
